 Dungeon Crawl Stone Soup version 0.22-a0-135-g6f012ad (webtiles) character file.

3274 KristoblXynda the Grappler (level 9, -3/82 HPs)
             Began as a Red Draconian Monk on Jan 31, 2018.
             Was an Initiate of Gozag.
             Killed by Freeze
             ... invoked by tilp's ghost
              (16 damage)
             ... on level 7 of the Dungeon.
             The game lasted 00:14:36 (6411 turns).

KristoblXynda the Grappler (Red Draconian Monk)     Turns: 6411, Time: 00:14:36

Health: -3/82      AC:  9    Str: 14    XL:     9   Next: 68%
Magic:  12/12      EV: 16    Int: 14    God:    Gozag
Gold:   1009       SH:  0    Dex: 13    Spells: 8/8 levels left

rFire    + . .     SeeInvis .     - Unarmed
rCold    . . .     Gourm    .   (no shield)
rNeg     . . .     Faith    .   (armour unavailable)
rPois    .         Spirit   .   (helmet restricted)
rElec    .         Reflect  .   b - +0 cloak
rCorr    .         Harm     .   l - +0 pair of gloves
MR       .....                  (no boots)
Stlth    +.........             (no amulet)
HPRegen  0.23/turn              h - ring of loudness (curse)
MPRegen  0.13/turn              (no ring)

@: short of breath, slowed, very slow
A: breathe fire, unfitting armour, fire resistance 1, cold-blooded, AC +7
a: Breathe Fire, Potion Petition, Call Merchant, Bribe Branch, Renounce Religion


You were on level 7 of the Dungeon.
You worshipped Gozag.
Gozag was most pleased with you.
You were very hungry.

You visited 1 branch of the dungeon, and saw 7 of its levels.

You collected 1009 gold pieces.

Inventory:

Hand Weapons
 k - a +2 short sword of freezing
 p - a +2 rapier of flaming
Armour
 b - a +0 cloak (worn)
 l - a +0 pair of gloves (worn)
Jewellery
 h - a cursed ring of loudness (left hand)
Wands
 m - a wand of random effects (14)
 s - a wand of flame (25)
 t - a wand of enslavement (8)
Scrolls
 d - 2 scrolls of fear
 j - a scroll of immolation
 o - a scroll of teleportation
 r - a scroll of enchant weapon
 v - 3 scrolls of enchant armour
 x - a scroll of summoning {unknown}
Potions
 c - 4 potions of brilliance
 e - 2 potions of flight {unknown}
 f - a potion of curing
 g - a potion of might
 i - 2 potions of agility
 n - a potion of heal wounds {unknown}
 q - a potion of haste {unknown}
 u - a potion of lignification {unknown}
 w - a potion of invisibility {unknown}
 z - a potion of cancellation {unknown}
Comestibles
 a - 10 rations


   Skills:
 + Level 8.3 Fighting
 + Level 6.9 Dodging
 - Level 2.2 Stealth
 + Level 8.8 Unarmed Combat
 + Level 4.4 Evocations


You had 8 spell levels left.
You didn't know any spells.

Dungeon Overview and Level Annotations

Branches:
Dungeon (7/15)
 Temple: D:4-7

Altars:
Gozag
Hepliaklqana
Yredelemnul

Annotations:
D:7 tilp's ghost, novice MfIE


Innate Abilities, Weirdness & Mutations

You can breathe blasts of fire.
Your fiery red scales are hard. (AC +7)
You cannot fit into any form of body armour.
Your flesh is heat resistant. (rF+)
You are cold-blooded and may be slowed by cold attacks.


Message History

Unknown command.
Press: ? - help, Shift-Dir - straight line, f/p - tilp's ghost
Aim: tilp's ghost (moderately damaged)
You breathe a blast of fire.
The fiery breath hits tilp's ghost.
Tilp's ghost is moderately damaged.
You are feeling very hungry.
Tilp's ghost is engulfed in blazing flames.
Tilp's ghost casts a spell at you. The puff of frost hits you!
* * * LOW HITPOINT WARNING * * *
You feel better.
Tilp's ghost is engulfed in blazing flames.
Tilp's ghost gestures at you while chanting.
You are frozen.
* * * LOW HITPOINT WARNING * * *
Tilp's ghost is engulfed in blazing flames.
Tilp's ghost points at you and mumbles some strange words.
You are frozen.
You die...
Your body crumbles into a pile of gold.

##.##.# #.#
#..##.#####.#########
#.........#.........#
##.######.#.#######.#
...#......#.#######.#
#####.#####.#.....#.#
.)..........#.###.#.######
.[.............W........>#
##.###########.#@.#.####.#
#.##........#.##.#.####.#
#.##.######.#.##.#....#.#######
#.##.#....#.#.##.####.#.......#
#.##.#.##.#.#.##.# #.#..####.#
#.......#.#.#.##.# #....# #.#
#.##.#..#)#.#....# ###.## #.#
#.##.####.#.###### #.# #.#
#.##......#.# #.# #.#


You could see tilp's ghost.

Vanquished Creatures
  Pikel (D:7)
  The ghost of Demitroll the Grave Robber, a novice DgNe (D:5)
  Duvessa (D:7)
  2 ice beasts
  3 sky beasts
  A slave (D:7)
  A black bear (D:5)
  4 ogres
  2 centaurs (D:7)
  3 bullfrogs
  3 scorpions
  A water moccasin skeleton (D:5)
  A howler monkey (D:6)
  3 crimson imps
  2 bullfrog skeletons
  3 hounds
  A centaur skeleton (D:6)
  Crazy Yiuf (D:7)
  5 orc priests
  3 orc wizards
  2 iguanas (D:6)
  Terence (D:3)
  3 worker ants
  A hound skeleton (D:4)
  A worker ant zombie (D:7)
  12 adders
  2 shadow imps (D:7)
  An adder zombie (D:5)
  An adder skeleton (D:5)
  2 worms
  4 dart slugs
  8 leopard geckos
  16 orcs
  6 bats
  6 giant cockroaches
  16 goblins
  6 hobgoblins
  8 jackals
  7 quokkas
  2 ball pythons (D:1)
  2 frilled lizards
  6 kobolds
  A leopard gecko skeleton (D:4)
  7 rats
  A spectral orc (D:3)
164 creatures vanquished.

Vanquished Creatures (others)
  3 slaves (D:7)
  A bat (D:2)
4 creatures vanquished.

Grand Total: 168 creatures vanquished

Notes
Turn   | Place    | Note
-------+----------+-------------------------------------------
     0 | D:1      | KristoblXynda the Draconian Monk began the quest for the Orb.
     0 | D:1      | Reached XP level 1. HP: 19/19 MP: 1/1
   114 | D:1      | Reached XP level 2. HP: 25/26 MP: 2/2
   455 | D:1      | Reached XP level 3. HP: 31/33 MP: 3/3
  1392 | D:2      | Reached XP level 4. HP: 40/40 MP: 4/4
  1986 | D:3      | Reached XP level 5. HP: 43/47 MP: 5/5
  2215 | D:3      | Noticed Terence
  2237 | D:3      | Killed Terence
  2494 | D:3      | Found a basalt altar of Yredelemnul.
  2777 | D:4      | Found an opulent altar of Gozag.
  2788 | D:4      | Became a worshipper of Gozag Ym Sagoz the Greedy
  3120 | D:4      | Reached XP level 6. HP: 45/55 MP: 6/6
  3399 | D:5      | Entered Level 5 of the Dungeon
  3461 | D:5      | Noticed Demitroll's ghost (novice DgNe)
  3489 | D:5      | Killed Demitroll's ghost
  3489 | D:5      | Reached skill level 5 in Fighting
  3489 | D:5      | Reached skill level 5 in Unarmed Combat
  3489 | D:5      | Your scales start taking on a fiery red colour.
  3489 | D:5      | Reached XP level 7. HP: 37/61 MP: 7/7
  3489 | D:5      | Gained mutation: Your flesh is heat resistant. (rF+) [Red Draconian growth]
  4066 | D:5      | Reached skill level 5 in Dodging
  4131 | D:5      | Reached XP level 8. HP: 70/70 MP: 8/8
  4635 | D:6      | Reached skill level 1 in Evocations
  5091 | D:6      | Reached XP level 9. HP: 71/79 MP: 11/11
  5298 | D:7      | Noticed Pikel
  5322 | D:7      | Killed Pikel
  5536 | D:7      | Found a hazy altar of Hepliaklqana.
  5788 | D:7      | Noticed Duvessa
  5795 | D:7      | Killed Duvessa
  6251 | D:7      | Found a runed door.
  6262 | D:7      | Noticed Crazy Yiuf
  6264 | D:7      | Killed Crazy Yiuf
  6362 | D:7      | Noticed tilp's ghost (novice MfIE)
  6411 | D:7      | Killed from afar by tilp's ghost

Vault maps used:
D:1:      lightli_arrival_boilingwater, minmay_misc_feat_square
D:2:      minmay_surrounded
D:3:      yredelemnul_forgotten_temple_becter, uniq_terence
D:4:      grunt_gozag_breadcrumbs
D:5:      black_bear_nest_1, first_ration, minmay_ogre_servants
D:7:      lemuel_round_altar, minmay_temple_entry_fiery, uniq_duvessa,
          uniq_crazy_yiuf_cottage, uniq_pikel

Skill      XL: |  1  2  3  4  5  6  7  8  9 |
---------------+----------------------------+-----
Dodging        | 3 4 5 6 |  6.9
Fighting       | 4 5 6 7 8 |  8.3
Unarmed Combat | 4 5 7 8 |  8.8
Stealth        | 2 |  2.2
Evocations     | 2 4 |  4.4

Action                   |  1- 3 |  4- 6 |  7- 9 || total
-------------------------+-------+-------+-------++-------
Melee: Unarmed           |   199 |   181 |   382 ||   762
       Tailslap          |    23 |    17 |    41 ||    81
       Punch             |     3 |     6 |     9 ||    18
 Abil: Breathe Fire      |       |       |    17 ||    17
Evoke: Wand              |       |       |     4 ||     4
  Use: Scroll            |       |    10 |     6 ||    16
       Potion            |       |     2 |     5 ||     7
 Stab: Sleeping          |     2 |     6 |     3 ||    11
  Eat: Chunk             |     1 |     6 |       ||     7
       Ration            |       |     1 |     3 ||     4
Armor: Skin              |    64 |    49 |   103 ||   216
Dodge: Dodged            |   176 |   108 |   249 ||   533

Table legend:
 A = Spawn XP
 B = Non-spawn XP
 C = Spawn XP percentage of total XP
 D = Spawn monster count
 E = Non-spawn monster count
 F = Spawn count percentage of total count
 G = Total turns spent on level
                    A         B        C        D         E        F      G
               +---------+---------+-------+---------+---------+-------+---------
         Total |       0 |    4678 |   0.0 |       0 |     164 |   0.0 |  6411
               +---------+---------+-------+---------+---------+-------+---------
           D:1 |       0 |      47 |   0.0 |       0 |      25 |   0.0 |   744
           D:2 |       0 |      93 |   0.0 |       0 |      28 |   0.0 |  1121
           D:3 |       0 |     127 |   0.0 |       0 |      17 |   0.0 |   679
           D:4 |       0 |     124 |   0.0 |       0 |       7 |   0.0 |   881
           D:5 |       0 |    1409 |   0.0 |       0 |      33 |   0.0 |  1086
           D:6 |       0 |    1116 |   0.0 |       0 |      32 |   0.0 |   655
           D:7 |       0 |    1762 |   0.0 |       0 |      22 |   0.0 |  1245
               +---------+---------+-------+---------+---------+-------+---------
